AoeStats
← danimaocortes

Arabia

509809218Analyzed
1v1 RM · 6d ago on Sep 28, 2026· 50m 33s· 2 players
Game mode
Random Map
Map size
Tiny (2 player)
Population
200
Speed
Normal
Resources
Standard
Victory
Conquest
Starting age
Dark Age
Ending age
Imperial Age
RankedLock teamsTeams togetherTeam positionsShared explorationLock speedFull tech treeHidden civsTurbo modeCheats
Victory
Defeat
🇨🇴 Mongols · Colombia
720
+15
🇨🇦 Mongols · Canada
708
-15
Morino01
8:14 Loom
10:00 Feudal Age
8:18 Loom
11:44 Double-Bit Axe
18:02 Castle Age
17:11 Gold Mining
17:34 Fletching
17:35 Horse Collar
19:34 Heavy Plow
19:45 Bow Saw
32:48 Imperial Age
33:18 Padded Archer Armor
33:13 Bodkin Arrow
32:52 Elite Mangudai
35:37 Cavalier
36:18 Husbandry
38:12 Bracer
40:30 Leather Archer Armor
40:51 Capped Ram
42:57 Chemistry
42:41 Ballistics
43:12 Elite Skirmisher
47:34 Nomads
danimaocortes
4:09 Loom
9:48 Feudal Age
10:21 Double-Bit Axe
21:17 Castle Age
19:05 Horse Collar
20:28 Scale Barding Armor
20:30 Padded Archer Armor
21:10 Fletching
22:48 Bloodlines
23:01 Chain Barding Armor
26:57 Stone Mining
29:11 Husbandry
31:36 Ballistics
31:51 Bodkin Arrow
31:56 Murder Holes
33:02 Thumb Ring
34:08 Forging
33:21 Light Cavalry
36:10 Leather Archer Armor
39:31 Imperial Age
37:37 Wheelbarrow
38:57 Elite Skirmisher
40:14 Iron Casting
40:19 Hand Cart
40:06 Scale Mail Armor
41:03 Bracer
42:44 Blast Furnace
44:19 Stone Shaft Mining
43:41 Gold Mining
45:34 Hussar
46:31 Chain Mail Armor
47:47 Heavy Plow
48:05 Bow Saw
48:52 Nomads
51:21 Drill
51:31 Conscription
Connection lost

Rejoining the realm…

Still unreachable

The connection could not be restored.

Session expired

The server has moved on; the page needs a fresh start.